Map: Acid Plant LE

Players

HeRoMaRinE - Winner!

  • Race: Terran Terran
  • Spawn Location: 11:00

Light

  • Race: Protoss Protoss
  • Spawn Location: 5:00

Event: IEM Season 12 - Katowice

VOD

Have the link to the VOD?

Description

Time

  • Played on: Feb. 27, 2018, 4:23 a.m.
  • Length: 9:21

All games in this series

Show
View Real Time Build Order
Export as new Build Order

HeRoMaRinE Terran - Winner!

Build Orders: Gas First Reaper Expand, Liberator Opening, Reaper Expand, MMM Bio 

Get SALT Encoding   

  12  0:00  SCV  
  13  0:12  SCV  
  14  0:17  Supply Depot  
  14  0:25  SCV  
  14  0:27  Refinery  
  15  0:38  SCV  
  16  0:44  Barracks  
  16  0:50  SCV  
  17  1:02  SCV  
  18  1:15  SCV  
  19  1:31  Reaper, Orbital Command  
  20  1:44  Command Center  
  20  1:53  Factory  
  20  1:56  SCV  
  21  2:06  Barracks Reactor  
  21  2:08  SCV  
  21  2:11  Supply Depot  
  21  2:13  Refinery  
  22  2:21  SCV  
  23  2:33  SCV  
  24  2:40  Starport  
  24  2:42  Marine  
  24  2:43  Marine  
  26  2:45  Widow Mine, SCV  
  29  2:56  Orbital Command  
  29  2:57  SCV  
  30  3:01  Marine x2  
  32  3:07  Widow Mine  
  32  3:09  SCV  
  35  3:17  Medivac  
  35  3:19  Marine x2  
  39  3:22  Supply Depot  
  39  3:25  SCV  
  39  3:26  SCV  
  41  3:29  Factory Tech Lab  
  41  3:37  SCV, Marine x2  
  41  3:38  SCV  
  45  3:46  Supply Depot  
  45  3:47  Siege Tank  
  48  3:50  SCV x2  
  48  3:53  Liberator  
  50  3:55  Marine  
  50  3:56  Marine  
  53  4:02  SCV  
  53  4:03  SCV  
  54  4:13  Marine  
  54  4:15  Supply Depot, SCV x2  
  60  4:19  Barracks  
  60  4:27  SCV  
  60  4:28  Bunker  
  60  4:30  Bunker  
  61  4:37  Siege Tank  
  64  4:39  Engineering Bay  
  64  4:41  SCV x2  
  66  4:48  Marine x2  
  65  4:54  SCV x2  
  66  5:01  Bunker  
  65  5:07  Barracks Tech Lab  
  65  5:09  Siege Tank  
  65  5:10  Command Center  
  68  5:15  SCV x2  
  70  5:22  Supply Depot  
  70  5:23  Refinery  
  70  5:24  Missile Turret  
  70  5:29  SCV  
  70  5:30  SCV  
  70  5:33  Marine  
  70  5:34  Marine  
  74  5:42  SCV x2, Stimpack  
  74  5:49  Starport Reactor  
  75  5:51  Marine x2, Marauder  
  75  5:52  Barracks  
  74  5:58  SCV, Terran Infantry Weapons Level 1  
  74  5:59  SCV, Factory Reactor  
  74  6:01  Refinery  
  76  6:13  Barracks  
  76  6:14  Marine x2, Marauder  
  76  6:16  Barracks  
  80  6:18  Supply Depot  
  80  6:19  SCV x2  
  80  6:24  Orbital Command  
  82  6:29  Medivac x2  
  82  6:32  Marine x2  
  86  6:35  Marauder  
  86  6:38  Combat Shields  
  90  6:41  Marauder  
  90  6:45  Supply Depot, SCV x2  
  94  6:50  Widow Mine x2  
  98  6:55  Marine x2  
  98  6:57  Marauder  
  98  6:58  Orbital Command  
  103  7:01  SCV x2  
  103  7:03  Marauder  
  103  7:04  Barracks Reactor, Barracks Tech Lab  
  106  7:13  SCV x2  
  106  7:15  Supply Depot x2  
  108  7:16  Marine  
  108  7:17  Marine  
  108  7:18  Marauder, Refinery  
  108  7:21  Refinery  
  112  7:24  Marauder  
  112  7:25  SCV x2  
  112  7:26  Widow Mine  
  117  7:33  Concussive Shells  
  117  7:36  Widow Mine, Medivac x2, Marauder  
  125  7:38  Supply Depot  
  125  7:39  Marine x2  
  125  7:43  Marine x2  
  129  7:48  Marauder  
  129  7:49  Marine  
  132  7:56  Marine  
  132  7:58  Supply Depot  
  133  8:00  Widow Mine x2  
  133  8:01  Supply Depot  
  133  8:02  Supply Depot  
  133  8:04  Marine, Marauder  
  133  8:05  Marine  
  141  8:06  Liberator x2  
  141  8:11  Marine  
  137  8:22  Marauder  
  137  8:23  Widow Mine x2  
  137  8:26  Marauder  
  148  8:27  Marine  
  148  8:28  Marine  
  150  8:40  Marauder  
  152  8:44  Marine x2  
  152  8:52  Marauder  
  153  8:58  Marine x2  
  153  8:59  Marauder  
  153  9:00  SCV x3, Refinery  
  160  9:03  Marine x2  
Show
View Real Time Build Order
Export as new Build Order

Light Protoss 

Build Orders: 1 Gate Expand, Blink Stalkers 

Get SALT Encoding   

  12  0:00  Probe  
  13  0:12  Probe  
  14  0:17  Pylon  
  14  0:24  Probe (Chrono Boost)  
  15  0:37  Probe (Chrono Boost), Gateway  
  16  0:44  Probe (Chrono Boost)  
  16  0:46  Assimilator  
  17  0:51  Probe  
  18  1:03  Probe  
  19  1:15  Probe  
  20  1:26  Nexus  
  20  1:30  Probe  
  21  1:40  Cybernetics Core  
  21  1:43  Probe  
  22  1:50  Pylon  
  22  1:56  Assimilator  
  22  1:59  Probe (Chrono Boost)  
  23  2:11  Probe (Chrono Boost)  
  23  2:14  Stalker (Chrono Boost)  
  24  2:18  Probe (Chrono Boost)  
  24  2:19  Warp Gate  
  27  2:25  Probe  
  27  2:29  Twilight Council  
  28  2:37  Probe  
  28  2:39  Stalker  
  28  2:42  Probe  
  32  2:49  Probe  
  33  2:54  Probe  
  33  2:56  Blink (Chrono Boost)  
  34  3:01  Probe  
  35  3:06  Probe  
  35  3:12  Stalker  
  38  3:13  Probe  
  38  3:18  Probe  
  38  3:19  Pylon  
  40  3:26  Probe  
  41  3:30  Probe  
  42  3:38  Probe, Gateway  
  42  3:40  Gateway  
  43  3:47  Pylon  
  43  3:50  Robotics Facility  
  43  3:51  Probe  
  43  3:54  Probe  
  45  3:57  Stalker  
  45  4:02  Assimilator  
  47  4:03  Probe  
  47  4:06  Probe  
  49  4:15  Probe  
  50  4:18  Probe  
  51  4:27  Probe  
  51  4:30  Probe  
  53  4:41  Zealot x3  
  53  4:42  Pylon  
  59  4:53  Probe x2  
  59  4:54  Nexus  
  59  4:55  Pylon  
  59  4:58  Forge  
  61  5:04  Immortal (Chrono Boost)  
  61  5:05  Probe x2  
  65  5:11  Stalker  
  65  5:12  Stalker  
  65  5:14  Charge  
  69  5:17  Probe  
  70  5:26  Pylon  
  70  5:28  Pylon  
  70  5:34  Probe  
  70  5:35  Probe  
  70  5:41  Protoss Ground Armor Level 1 (Chrono Boost), Stalker  
  69  5:51  Pylon  
  69  5:59  Probe  
  69  6:00  Probe  
  71  6:05  Gateway x2  
  71  6:07  Observer  
  71  6:11  Probe (Chrono Boost)  
  73  6:12  Probe (Chrono Boost)  
  73  6:13  Gateway  
  73  6:14  Probe (Chrono Boost)  
  75  6:22  Zealot  
  75  6:24  Probe (Chrono Boost)  
  80  6:25  Probe (Chrono Boost)  
  80  6:27  Probe (Chrono Boost)  
  80  6:29  Observer  
  80  6:31  Probe (Chrono Boost)  
  81  6:37  Stalker x2  
  81  6:39  Probe  
  87  6:45  Pylon  
  87  6:47  Stalker  
  87  6:58  Probe x2  
  89  7:07  Stalker x3  
  95  7:09  Zealot  
  95  7:11  Observer  
  95  7:15  Protoss Ground Armor Level 2 (Chrono Boost)  
  97  7:17  Nexus, Robotics Bay  
  97  7:20  Pylon  
  97  7:24  Zealot x2  
  101  7:33  Probe x2  
  101  7:34  Robotics Facility  
  101  7:36  Zealot x2, Assimilator  
  107  7:39  Observer  
  107  7:42  Stalker x2  
  112  7:45  Pylon  
  112  7:49  Zealot  
  112  7:50  Zealot  
  116  8:00  Stalker x2  
  116  8:02  Colossus (Chrono Boost)  
  126  8:17  Zealot x2  
  126  8:18  Zealot x2  
  113  8:29  Zealot x2  
  117  8:37  Gateway  
  117  8:39  Pylon  
  117  8:41  Gateway  
  117  8:43  Gateway  
  117  8:46  Pylon  
  117  8:49  Pylon  
  117  8:58  Zealot  
  117  8:59  Zealot x3  
  109  9:15  Zealot x2  

Tags
 
Add a new tag
Caveats
  • Supply blocks, unpowered buildings, or Contaminate may cause inaccurate times.
  • Supply counts are checked every 10 seconds.